AoeStats
← Ce bon vieux Jack

Oasis

508949296Analyzed
4v4 RM · 8d ago on Sep 24, 2026· 55m 9s· 8 players
Game mode
Random Map
Map size
Large (8 player)
Population
200
Speed
Normal
Resources
Standard
Victory
Conquest
Starting age
Dark Age
Ending age
Imperial Age
RankedLock teamsTeams togetherTeam positionsShared explorationLock speedFull tech treeHidden civsTurbo modeCheats
Victory
Defeat
🇹🇷 Mongols · Türkiye
880
+11
🇧🇷 Burgundians · Brazil
869
+11
🇺🇸 Mongols · United States
833
+12
🇮🇹 Turks · Italy
822
+13
🇫🇷 Persians · France
822
-15
🇫🇷 Aztecs · France
786
-13
🇫🇷 Ethiopians · France
743
-11
🇫🇷 Bulgarians · France
663
-8
Fat Asian Dude
12:12 Feudal Age
13:18 Double-Bit Axe
14:26 Wheelbarrow
14:26 Horse Collar
20:46 Castle Age
20:20 Bloodlines
20:50 Stone Mining
20:55 Gold Mining
20:48 Light Cavalry
21:42 Bow Saw
22:20 Stone Shaft Mining
25:16 Gold Shaft Mining
25:18 Heavy Plow
29:59 Fletching
30:10 Padded Archer Armor
31:04 Scale Barding Armor
31:32 Husbandry
31:58 Hand Cart
32:03 Bodkin Arrow
32:23 Leather Archer Armor
32:56 Town Watch
37:08 Imperial Age
35:55 Town Patrol
37:39 Ballistics
38:16 Elite Mangudai
39:17 Conscription
40:42 Chemistry
39:04 Hussar
40:20 Parthian Tactics
40:00 Thumb Ring
43:07 Chain Barding Armor
47:18 Forging
47:09 Bracer
47:22 Siege Engineers
51:05 Iron Casting
Sacresh Martire
11:41 Feudal Age
12:27 Double-Bit Axe
15:15 Gold Mining
18:32 Castle Age
16:18 Horse Collar
17:48 Stone Mining
19:27 Bow Saw
21:10 Wheelbarrow
20:51 Fletching
21:01 Padded Archer Armor
21:02 Scale Mail Armor
24:35 Scale Barding Armor
27:14 Chain Barding Armor
26:59 Bodkin Arrow
28:17 Gold Shaft Mining
28:46 Heavy Plow
29:29 Man-at-Arms
30:19 Long Swordsman
31:30 Thumb Ring
34:58 Imperial Age
33:35 Squires
33:48 Forging
34:49 Ballistics
35:26 Husbandry
35:36 Bloodlines
37:06 Conscription
36:59 Scale Mail Armor
37:35 Plate Barding Armor
37:35 Iron Casting
36:43 Two-Handed Swordsman
37:56 Bombard Tower
38:01 Elite Janissary
38:45 Artillery
38:57 Capped Ram
40:16 Chain Mail Armor
39:26 Elite Janissary
42:58 Blast Furnace
42:29 Plate Mail Armor
42:28 Parthian Tactics
45:44 Bracer
45:59 Leather Archer Armor
46:09 Hand Cart
45:40 Town Watch
53:36 Town Patrol
53:22 Loom
ryioze
9:42 Feudal Age
10:13 Double-Bit Axe
13:15 Wheelbarrow
12:54 Loom
14:19 Horse Collar
18:44 Castle Age
17:38 Stone Mining
20:20 Bow Saw
23:10 Stone Shaft Mining
22:26 Gold Mining
22:51 Heavy Plow
27:34 Husbandry
29:29 Gold Shaft Mining
29:02 Fletching
31:09 Bloodlines
31:28 Bodkin Arrow
32:29 Ballistics
32:56 Padded Archer Armor
34:49 Leather Archer Armor
39:34 Imperial Age
40:50 Nomads
40:14 Elite Mangudai
42:30 Bracer
43:39 Chemistry
48:27 Conscription
48:07 Nomads
48:20 Siege Engineers
48:25 Masonry
48:12 Murder Holes
51:36 Parthian Tactics
51:16 Thumb Ring
51:00 Spies/Treason
Vitor
12:46 Feudal Age
12:45 Double-Bit Axe
12:44 Horse Collar
17:49 Loom
22:03 Castle Age
BluntRollerChan
14:28 Feudal Age
13:21 Loom
16:29 Forging
16:20 Scale Mail Armor
20:10 Horse Collar
20:19 Double-Bit Axe
23:41 Arson
24:36 Wheelbarrow
24:40 Wheelbarrow
28:10 Gold Mining
31:46 Castle Age
33:27 Gambesons
33:44 Squires
34:31 Iron Casting
34:11 Chain Mail Armor
34:06 Scale Barding Armor
36:01 Elite Skirmisher
38:02 Chain Barding Armor
38:22 Heavy Plow
38:34 Bow Saw
38:18 Stone Mining
Miaou chwan ~~
12:11 Loom
14:33 Feudal Age
19:36 Castle Age
17:43 Horse Collar
21:33 Scale Mail Armor
22:41 Forging
24:31 Bloodlines
27:08 Double-Bit Axe
27:59 Husbandry
30:36 Pikeman
31:18 Squires
31:38 Heavy Plow
41:17 Imperial Age
39:48 Bow Saw
40:04 Scale Barding Armor
40:35 Iron Casting
41:19 Elite Skirmisher
43:57 Fletching
46:16 Halberdier
Ce bon vieux Jack
1:01 Loom
11:24 Feudal Age
13:40 Feudal Age
16:10 Arson
16:26 Man-at-Arms
18:24 Scale Mail Armor
18:35 Forging
20:34 Double-Bit Axe
20:33 Horse Collar
21:03 Padded Archer Armor
20:55 Fletching
21:04 Fletching
26:47 Castle Age
26:14 Wheelbarrow
28:20 Iron Casting
28:00 Chain Mail Armor
28:09 Crossbowman
29:03 Thumb Ring
31:23 Squires
31:26 Bodkin Arrow
31:49 Leather Archer Armor
32:51 Hand Cart
34:06 Royal Heirs
34:50 Elite Skirmisher
38:13 Bow Saw
NickLeGrec
9:54 Loom
16:02 Feudal Age
17:05 Man-at-Arms
18:00 Horse Collar
20:14 Town Watch
21:04 Wheelbarrow
21:17 Forging
21:07 Scale Mail Armor
24:31 Castle Age
26:16 Long Swordsman
27:35 Iron Casting
27:16 Chain Mail Armor
28:04 Arson
29:47 Heavy Plow
32:41 Squires
32:29 Gambesons
33:37 Hand Cart
33:26 Town Patrol
38:08 Imperial Age
38:33 Capped Ram
38:53 Two-Handed Swordsman
41:37 Champion
42:53 Fletching
43:04 Padded Archer Armor
44:05 Blast Furnace
43:35 Plate Mail Armor
43:54 Bodkin Arrow
44:33 Plate Mail Armor
43:32 Pikeman
46:41 Elite Skirmisher
Connection lost

Rejoining the realm…

Still unreachable

The connection could not be restored.

Session expired

The server has moved on; the page needs a fresh start.